 Dungeon Crawl Stone Soup version 0.16-b1 (webtiles) character file.

8390 wojtek the Artisan of Death (level 11, -1/69 HPs)
             Began as a Kobold Assassin on Mar 14, 2015.
             Was a Priest of Kikubaaqudgha.
             Slain by a red devil
             ... wielding a +0 trident of flaming
              (12 damage)
             ... in a volcano.
             The game lasted 00:49:37 (15329 turns).

wojtek the Artisan of Death (Kobold Assassin)      Turns: 15329, Time: 00:49:37

Health: -1/69      AC: 11    Str: 15    XL:     11   Next: 54%
Magic:  11/11      EV: 22    Int: 12    God:    Kikubaaqudgha [***...]
Gold:   559        SH: 10    Dex: 20    Spells: 2 memorised, 3 levels left

rFire  + . .     SeeInvis +     a - +2 dagger (venom)
rCold  . . .     Clarity  .     Y - +0 troll leather armour
rNeg   + . .     SustAb   .     N - +4 buckler of Impatience {Dex+2}
rPois  .         Gourm    .     (no helmet)
rElec  .         Spirit   .     p - +2 cloak
rCorr  .         Warding  +     o - +0 pair of gloves
rMut   .         Stasis   .     j - +2 pair of boots
MR     .....                    E - amulet of warding
Stlth  +++.......               W - ring of see invisible
                                P - ring of protection from fire

@: mighty, not resistant to hostile enchantments, fairly stealthy
A: carnivore 3
a: Receive Corpses, Renounce Religion


You were in a volcano.
You worshipped Kikubaaqudgha.
Kikubaaqudgha was most pleased with you.
You were hungry.

You visited 3 branches of the dungeon, and saw 13 of its levels.
You also visited: Bailey and Volcano.

You collected 559 gold pieces.

Inventory:

Hand weapons
 a - a +2 dagger of venom (weapon)
Missiles
 Q - 4 throwing nets (quivered)
Armour
 j - a +2 pair of boots (worn)
 o - a +0 pair of gloves (worn)
 p - a +2 cloak (worn)
 N - the +4 buckler of Impatience (worn) {Dex+2}
   (You found it on level 7 of the Dungeon)

   It affects your dexterity (+2).
 Y - a +0 troll leather armour (worn)
Rods
 J - a -1 iron rod (12/12)
   (You found it on level 6 of the Dungeon)
Jewellery
 E - an amulet of warding (around neck)
 P - a ring of protection from fire (left hand)
 W - a ring of see invisible (right hand)
Magical devices
 c - a wand of draining (7)
 G - a wand of flame (10)
 K - a wand of paralysis (10)
Scrolls
 h - 3 scrolls of blinking
 i - 4 scrolls of fog
 l - 8 scrolls of remove curse
 r - a scroll of teleportation
 y - 2 scrolls of fear
 z - 4 scrolls of magic mapping
 C - a scroll of identify
 T - 3 scrolls of recharging {unknown}
Potions
 k - a potion of mutation {unknown}
 m - a potion of restore abilities
 n - 4 potions of curing
 s - a potion of cancellation
 t - a potion of invisibility
 w - 3 potions of flight
 B - 3 potions of haste {unknown}
 D - a potion of brilliance
 F - a potion of berserk rage
 H - 2 potions of agility
Comestibles
 g - 8 meat rations


   Skills:
 - Level 8.4 Fighting
 - Level 9.1 Short Blades
 - Level 2.6 Throwing
 - Level 2.0 Armour
 - Level 8.9 Dodging
 - Level 5.3 Stealth
 - Level 3.3 Shields
 + Level 10.8 Necromancy


You had 3 spell levels left.
You knew the following spells:

 Your Spells              Type           Power        Failure   Level  Hunger
a - Agony                 Necr           ####....     21%         5    ######.
b - Corpse Rot            Necr           N/A          1%          2    ###....


Dungeon Overview and Level Annotations

Branches:
Dungeon (11/15)            Temple (1/1) D:5            Lair (1/8) D:11
    Orc: D:9-12

Altars:
Ashenzari
Cheibriados
Dithmenos
Elyvilon
Fedhas
Gozag
Kikubaaqudgha
Makhleb
Nemelex Xobeh
Okawaru
Qazlal
Ru
Sif Muna
Trog
Vehumet
Xom
Yredelemnul
Zin
The Shining One

Shops:
D:6 =%[=   D:7 *

Annotations:
D:5 Xorborg's ghost, average HEWz
D:8 exclusion: door
D:9 exclusion: downstairs
D:10 exclusions: 2 hill giants, 2 orcs and 2 skeletal warriors, Erolcha
D:11 Nergalle


Innate Abilities, Weirdness & Mutations

You are small and have problems with some larger weapons.
You are carnivorous and can eat meat at any time.


Message History

You hit the hell hound.
The hell hound is severely wounded.
You block the hell hound's attack.
You miss the hell hound.
The hell hound is severely wounded.
You block the hell hound's attack. You block the red devil's attack.
You hit the hell hound.
The hell hound is severely wounded.
You hit the hell hound.
The hell hound is almost dead.
You block the hell hound's attack. The red devil misses you.
You hit the hell hound but do no damage.
The hell hound is almost dead.
The hell hound closely misses you.
You puncture the hell hound!
You kill the hell hound!
Kikubaaqudgha accepts your kill.
The red devil hits you from afar with a trident of flaming!
You die...
Kikubaaqudgha rasps: "You have failed me!
Welcome... death!"

#....≈≈≈§§≈≈
##.§§.≈§≈§§§
##§§..≈≈≈≈§≈
##§...≈.≈§≈
#§........
#...##..##
#.### ##
##.## ####@#
#≈.†##
#≈≈4§[!#
#§§§$[$[#
##≈§)!h##
#§§≈..#
#§§≈≈##
##≈≈## ####


You could see a red devil.

Vanquished Creatures
  A fire crab (D:10)
  An orc knight (Bailey)
  A troll (D:9)
  A komodo dragon (D:10)
  Prince Ribbit (D:7)
  A wyvern (D:7)
  4 yaks (D:9)
  A wraith (D:10)
  A shadow (D:10)
  A human (D:4)
  2 hippogriffs
  A mottled dragon (D:11)
  A hell hound (Volcano)
  2 sky beasts
  3 ice beasts
  5 orc warriors
  An eye of draining (D:10)
  A phantom (D:5)
  2 centaurs
  A crocodile (D:9)
  5 ogres
  Sigmund (D:7)
  Duvessa (D:9)
  A big kobold (D:5)
  7 giant frogs
  Blork the orc (D:9)
  A gnoll sergeant (D:9)
  2 scorpions
  3 water moccasin zombies
  A water moccasin skeleton (D:9)
  7 wights
  A goliath beetle (D:7)
  6 killer bees
  Dowan (D:9)
  4 crimson imps
  A giant frog skeleton (D:9)
  4 jellies
  7 orc wizards
  7 orc priests
  7 worker ants
  2 centaur skeletons
  6 hounds
  5 iguanas
  Natasha (thrice) (D:3)
  A killer bee zombie (D:10)
  Jessica (D:2)
  3 worker ant zombies
  10 adders
  7 gnolls
  3 worms
  A giant mite (D:10)
  2 shadow imps (D:5)
  An adder zombie (D:4)
  4 giant geckos
  An ooze (D:4)
  38 orcs
  11 bats
  A bat skeleton (D:5)
  A bat zombie (D:6)
  4 giant cockroaches
  22 goblins
  16 hobgoblins
  6 jackals
  30 kobolds
  11 quokkas
  A giant gecko skeleton (D:6)
  6 giant newts
  2 giant spores
  A jackal skeleton (D:4)
  16 rats
  12 ballistomycetes
  A butterfly (D:6)
329 creatures vanquished.

Vanquished Creatures (others)
  An orc warrior (D:10)
  2 giant spores
  A plant (D:11)
4 creatures vanquished.

Grand Total: 333 creatures vanquished

Notes
Turn   | Place    | Note
--------------------------------------------------------------
     0 | D:1      | wojtek, the Kobold Assassin, began the quest for the Orb.
     0 | D:1      | Reached XP level 1. HP: 12/12 MP: 1/1
   248 | D:1      | Reached XP level 2. HP: 15/17 MP: 2/2
   837 | D:2      | Reached XP level 3. HP: 17/21 MP: 3/3
  1050 | D:2      | Noticed Jessica
  1062 | D:2      | Killed Jessica
  1062 | D:2      | Reached skill level 5 in Short Blades
  1062 | D:2      | Reached XP level 4. HP: 24/26 MP: 4/4
  1232 | D:2      | Found a glowing silver altar of Zin.
  1270 | D:2      | Found a blossoming altar of Fedhas.
  1271 | D:2      | Found a glowing golden altar of the Shining One.
  1274 | D:2      | Found a white marble altar of Elyvilon.
  1326 | D:2      | Found a sacrificial altar of Ru.
  1564 | D:3      | Reached skill level 6 in Short Blades
  1751 | D:3      | Noticed Natasha
  1770 | D:3      | Killed Natasha
  1770 | D:3      | Reached XP level 5. HP: 19/30 MP: 5/5
  2111 | D:3      | Reached skill level 7 in Short Blades
  2316 | D:3      | Noticed Natasha
  2322 | D:3      | Killed Natasha
  2351 | D:3      | Noticed Natasha
  2358 | D:3      | Killed Natasha
  2597 | D:3      | Reached XP level 6. HP: 24/35 MP: 6/6
  2945 | D:4      | Noticed a human
  2949 | D:4      | Found a runed door.
  2951 | D:4      | Found a basalt altar of Yredelemnul.
  2991 | D:4      | Killed a human
  2991 | D:4      | Reached skill level 8 in Short Blades
  3212 | D:4      | Reached XP level 7. HP: 41/41 MP: 7/7
  3718 | D:5      | Entered Level 5 of the Dungeon
  3954 | D:5      | Found a staircase to the Ecumenical Temple.
  3960 | Temple   | Entered the Ecumenical Temple
  4173 | Temple   | Became a worshipper of Kikubaaqudgha
  4594 | D:5      | Reached XP level 8. HP: 20/48 MP: 8/8
  4926 | D:5      | Noticed Xorborg's ghost (average HEWz)
  4953 | D:6      | Found Ysixui's Jewellery Boutique.
  5315 | D:6      | Reached skill level 1 in Necromancy
  5406 | D:6      | Reached skill level 5 in Fighting
  5406 | D:6      | Reached skill level 5 in Dodging
  5761 | D:6      | Acquired Kikubaaqudgha's first power
  5761 | D:6      | Received a gift from Kikubaaqudgha
  5762 | D:6      | Identified Kikubaaqudgha's Compendium of Sinister Magic (Kikubaaqudgha gifted it to you on level 6 of the Dungeon)
  6719 | D:6      | Found a radiant altar of Vehumet.
  6820 | D:6      | Reached XP level 9. HP: 46/56 MP: 9/9
  6890 | D:6      | Found a shimmering altar of Xom.
  6991 | D:6      | Found Voptuasa's Food Shop.
  7040 | D:6      | Found Skuek's Jewellery Shoppe.
  7146 | D:6      | Found Schymp's Antique Armour Boutique.
  7293 | D:7      | Noticed Sigmund
  7369 | D:7      | Found a bloodstained altar of Trog.
  7490 | D:7      | Noticed Prince Ribbit
  7693 | D:7      | Got a faintly humming buckler
  7699 | D:7      | Identified the +4 buckler of Impatience {Dex+2} (You found it on level 7 of the Dungeon)
  7891 | D:7      | Found Immucuz's Assorted Antiques.
  7956 | D:7      | Reached skill level 1 in Shields
  8084 | D:8      | Noticed a fire vortex
  8171 | D:7      | Killed Sigmund
  8232 | D:7      | Killed Prince Ribbit
  8478 | D:8      | Reached skill level 5 in Necromancy
  8832 | D:8      | Acquired Kikubaaqudgha's second power
  8863 | D:8      | Noticed a fire vortex
  8944 | D:7      | Reached XP level 10. HP: 36/64 MP: 10/10
  9767 | D:9      | Noticed Blork the orc
  9896 | D:8      | Reached skill level 1 in Armour
 10031 | D:9      | Found a flagged portal.
 10050 | Bailey   | Entered a bailey
 10071 | Bailey   | Noticed an orc knight
 10117 | Bailey   | Killed an orc knight
 10141 | Bailey   | Reached skill level 9 in Short Blades
 10730 | D:9      | Killed Blork the orc
 11082 | D:9      | Noticed Dowan
 11087 | D:9      | Noticed Duvessa
 11136 | D:9      | Killed Duvessa
 11150 | D:9      | Killed Dowan
 11150 | D:9      | Received a gift from Kikubaaqudgha
 11151 | D:9      | Identified Kikubaaqudgha's Reference Book on Evil Secrets (Kikubaaqudgha gifted it to you on level 9 of the Dungeon)
 11158 | D:9      | Learned a level 5 spell: Agony
 11209 | D:9      | Learned a level 2 spell: Corpse Rot
 11638 | D:9      | Reached XP level 11. HP: 56/69 MP: 11/11
 11927 | D:10     | Entered Level 10 of the Dungeon
 12273 | D:10     | Noticed a hill giant
 13026 | D:10     | Noticed a hill giant
 13106 | D:10     | Noticed Erolcha
 13170 | D:10     | Noticed a skeletal warrior
 13170 | D:10     | Noticed a skeletal warrior
 13170 | D:10     | Noticed a skeletal warrior
 13170 | D:10     | Noticed a skeletal warrior
 13172 | D:10     | Noticed a skeletal warrior
 13819 | D:11     | Noticed a hill giant
 13820 | D:11     | Noticed a brown ugly thing
 13901 | D:10     | Reached skill level 10 in Necromancy
 14312 | D:9      | Learned a level 2 spell: Corpse Rot
 14331 | D:10     | Noticed a fire crab
 14352 | D:10     | Killed a fire crab
 14833 | D:11     | Noticed Nergalle
 14887 | D:11     | Found a staircase to the Lair.
 14991 | Lair:1   | Entered Level 1 of the Lair of Beasts
 15102 | Lair:1   | Found a dark tunnel.
 15126 | Volcano  | Entered a volcano
 15318 | Volcano  | HP: 2/69 [red devil/trident of flaming (2)]
 15329 | Volcano  | Slain by a red devil

Action                   |  1- 3 |  4- 6 |  7- 9 | 10-12 || total
-------------------------+-------+-------+-------+-------++-------
Melee: Dagger            |    82 |   189 |   626 |  1296 ||  2193
 Fire: Blowgun           |     1 |    34 |    72 |    50 ||   157
Throw: Tomahawk          |       |       |       |    46 ||    46
 Cast: Corpse Rot        |       |       |       |     3 ||     3
Evoke: Rod               |       |       |     4 |     2 ||     6
       Wand              |       |       |     1 |     2 ||     3
  Use: Scroll            |       |       |     8 |    14 ||    22
       Potion            |       |       |       |     5 ||     5
 Stab: Sleeping          |     2 |     7 |    17 |    14 ||    40
       Distracted        |       |       |     2 |     2 ||     4
  Eat: Chunk             |     9 |     7 |    20 |    14 ||    50
